 Dungeon Crawl Stone Soup version 0.20-a0-345-gbfb25ec (webtiles) character file.

97721 tsouns the Fencer (level 15, -28/124 HPs)
             Began as a Demonspawn Chaos Knight on Dec 21, 2016.
             Killed from afar by Azrael (33 damage)
             ... with damnation
             ... on level 1 of the Snake Pit on Dec 22, 2016.
             The game lasted 01:31:12 (22873 turns).

tsouns the Fencer (Demonspawn Chaos Knight)        Turns: 22873, Time: 01:31:13

Health: -28/124    AC: 26    Str: 25    XL:     15   Next: 72%
Magic:  24/24      EV:  9    Int: 21    God:    Xom [..*...]
Gold:   1821       SH:  5    Dex: 16    Spells: 12/14 levels left

rFire  + . .     SeeInvis +     J - +7 double sword of Conservatism {pain, rElec rPois MP+9}
rCold  + + .     Gourm    .     v - +4 crystal plate armour
rNeg   . . .     Faith    .     j - +0 buckler
rPois  +         Spirit   .     p - +1 helmet
rElec  +         Reflect  .     M - +0 cloak
rCorr  +         Harm     .     (no gloves)
MR     ++...     Clarity  +     (boots unavailable)
Stlth  ..........               I - amulet of regeneration
                                r - +4 ring of dexterity
                                b - +4 ring of strength

@: brilliant, resistant
A: hooves 3, rugged brown scales 2, see invisible, clarity, clever 1, cold
resistance 1, deformed body, magic resistance 1, powered by death 2, electricity
resistance, strong 1, wild magic 2, rot immunity
a: Renounce Religion


You were on level 1 of the Snake Pit.
You worshipped Xom.
You were a toy of Xom.
You were not hungry.

You visited 4 branches of the dungeon, and saw 24 of its levels.
You also visited: Bailey and Ice Cave.

You collected 2639 gold pieces.
You spent 818 gold pieces at shops.

Inventory:

Hand Weapons
 H - a +1 demon blade of freezing
 J - the +7 double sword of Conservatism (weapon) {pain, rElec rPois MP+9}
   (You acquired it on level 8 of the Dungeon)

   In the hands of one skilled in necromantic magic, it inflicts extra damage on
   living creatures.
   It insulates you from electricity.
   It protects you from poison.
   It affects your magic capacity (+9).
 W - the +2 scimitar of the Sky {flame, Str+2 Stlth+}
   (You found it on level 12 of the Dungeon)

   It has been specially enchanted to burn those struck by it, causing extra
   injury to most foes and up to half again as much damage against particularly
   susceptible opponents.
   Big, fiery blades are also staple armaments of hydra-hunters.
   It affects your strength (+2).
   It makes you more stealthy.
Missiles
 u - 9 throwing nets (quivered)
 z - 4 steel javelins
Armour
 j - a +0 buckler (worn)
 p - a +1 helmet (worn)
 t - the +3 chain mail of Watchfulness {Int+2 Slay+4 Stlth-}
   (You found it on level 5 of the Dungeon)

   It affects your intelligence (+2).
   It affects your accuracy and damage with ranged weapons and melee attacks
   (+4).
   It makes you less stealthy.
 v - a +4 crystal plate armour (worn)
 M - a +0 cloak (worn)
Jewellery
 b - a +4 ring of strength (left hand)
 q - an uncursed ring of resist corrosion
 r - a +4 ring of dexterity (right hand)
 I - an amulet of regeneration (around neck)
 U - the amulet "Ecask" {+Rage rC++ MR- Int+2 Slay+2}
   (You found it on level 6 of the Lair of Beasts)

   [amulet of rage]

   It affects your intelligence (+2).
   It affects your accuracy and damage with ranged weapons and melee attacks
   (+2).
   It greatly protects you from cold.
   It affects your resistance to hostile enchantments.
   It lets you go berserk.
Wands
 w - a wand of confusion (26/48)
 D - a wand of confusion (22/48)
 N - a wand of iceblast (6/15)
 T - a wand of slowing (44/48)
 Z - a wand of digging (7/24)
Scrolls
 a - 2 scrolls of immolation
 e - 3 scrolls of enchant weapon
 i - 7 scrolls of teleportation
 l - 4 scrolls of recharging
 m - 3 scrolls of fear
 s - a scroll of magic mapping
 B - 9 scrolls of identify
 F - 3 scrolls of fog
 G - a scroll of silence
 Q - 10 scrolls of remove curse
Potions
 d - 2 potions of cure mutation
 g - 4 potions of curing
 h - a potion of cancellation
 n - 6 potions of lignification
 o - 2 potions of brilliance
 x - 2 potions of ambrosia
 C - 2 potions of agility
 O - 3 potions of flight
 R - a potion of invisibility
 Y - a potion of haste
Miscellaneous
 K - a phial of floods
 V - a disc of storms
 X - a fan of gales
Comestibles
 c - 15 bread rations
 f - 3 fruits
 k - 12 meat rations
 E - 6 chunks of flesh


   Skills:
 + Level 11.5 Fighting
 - Level 17.5 Long Blades
 + Level 14.1 Armour
 + Level 6.1 Dodging
 - Level 4.0 Shields
 + Level 1.3 Evocations


You had 12 spell levels left.
You knew the following spells:

 Your Spells              Type           Power        Failure   Level  Hunger
a - Apportation           Tloc           ###.......   77%         1    ##.....
b - Summon Butterflies    Summ           ###.....     77%         1    ##.....


Dungeon Overview and Level Annotations

Branches:
Dungeon (15/15)            Temple (0/1) D:4            Lair (6/6) D:11
 Shoals (0/4) Lair:4        Snake (1/4) Lair:2        Slime (0/5) Lair:6
    Orc (2/2) D:12            Elf (0/3) Orc:2        Vaults (0/5) D:14
 Depths (0/5) D:15

Altars:
Makhleb
Okawaru
Qazlal
Ru
Sif Muna
Trog
Vehumet
Xom
Yredelemnul
Beogh

Shops:
D:8 =   Orc:2 }?=(:

Portals:
Hell: Lair:6

Annotations:
D:14 exclusion: Roxanne, Roxanne
Snake:1 Azrael


Innate Abilities, Weirdness & Mutations

You have hooves in place of feet.
You are mostly covered in rugged brown scales. (AC +2, +5% HP)
You regenerate health from kills.
You are immune to rotting.
You have supernaturally acute eyesight. (SInv)
You possess an exceptional clarity of mind.
Your mind is acute. (Int +2)
Your flesh is cold resistant. (rC+)
Armour fits poorly on your strangely shaped body.
You are resistant to hostile enchantments. (MR+)
You are resistant to electric shocks. (rElec)
Your muscles are strong. (Str +2)
Your spells are harder to cast, but more powerful.


Message History

Your butterfly dies!
Unknown command.
You catch the helpless Azrael completely off-guard!
You slash Azrael! You kick Azrael, but do no damage.
Azrael is almost dead.
Azrael gestures at you.
The fireball explodes!
The fireball engulfs you! You resist.
* * * LOW HITPOINT WARNING * * *
The fireball engulfs Azrael.
Azrael completely resists.
Okay, then.
Okay, then.
Your crystal plate armour prevents you from hitting Azrael.
You kick Azrael, but do no damage.
Azrael is almost dead.
You hit Azrael but do no damage. Your kick misses Azrael.
Azrael is almost dead.
Azrael gestures at you.
The sphere of damnation explodes!
The damnation engulfs you!
You die...
Xom cackles wildly!

........#############
.............##.....##
..#$.................##
......................#
#.#...........b....)..#
...............[....÷.#
.......§............÷<#
...............bb.[?..#
...§§≈........R@).†)..#
P♣≈>.............##
≈≈≈.............##
≈≈≈......##....##
♣≈...######.b..# #....
#...... .## #.......
........ [##.......


You could see Azrael.

Vanquished Creatures
  A stone giant (Orc:2)
  2 dire elephants (Lair:6)
  A great orb of eyes (D:14)
  6 hydras
  2 naga warriors
  Erolcha (D:9)
  A hell beast (Lair:6)
  2 centaur warriors
  A vault guard (D:14)
  An anaconda (Lair:2)
  A catoblepas (Lair:6)
  A death knight (D:15)
  4 two-headed ogres
  3 orc high priests (Orc:2)
  Nergalle (Orc:1)
  An iron troll (Orc:1)
  3 wizards
  An unseen horror (D:14)
  A wolf spider zombie (D:15)
  A naga ritualist (Snake:1)
  A necromancer (D:15)
  3 deep elf magi
  2 mana vipers
  2 orc knights
  7 ugly things
  5 oklob plants
  2 cyclopes
  6 manticores
  2 orc sorcerers (Orc:2)
  12 elephants
  A faun (shapeshifter) (D:15)
  5 komodo dragons
  2 naga magi (D:15)
  15 black mambas
  A salamander (Lair:2)
  3 ice statues (IceCv)
  A guardian serpent (Lair:2)
  7 spiny frogs
  A gargoyle (D:12)
  2 torpor snails (Lair:6)
  3 orange demons (Lair:6)
  A smoke demon (Lair:6)
  8 centaur skeletons
  A tengu conjurer (D:12)
  2 ice devils (Lair:6)
  5 rime drakes
  A red devil (Lair:6)
  The ghost of dondy the Cleaver, an amateur HOFi (D:4)
  A harpy skeleton (D:15)
  3 trolls
  2 polar bears
  Prince Ribbit (Lair:3)
  A hornet (D:15)
  22 blink frogs
  10 hippogriffs
  A raiju (D:11)
  15 dream sheep (Lair:6)
  2 centaur simulacra
  12 slime creatures
  A meliai zombie (D:15)
  A shadow (D:14)
  3 spriggans
  2 wyverns
  A wraith (D:12)
  Sigmund (D:4)
  2 humans (D:7)
  32 yaks
  2 fire elementals (Lair:2)
  3 vampire mosquitoes (D:12)
  2 hungry ghosts
  4 basilisks
  2 acid dragons
  7 nagas
  6 wargs
  A soldier ant (D:10)
  7 water moccasins
  5 porcupines
  3 sky beasts
  A black bear (Lair:2)
  An ice beast (shapeshifter) (D:2)
  5 hell hounds
  28 orc warriors
  3 eyes of draining
  14 ice beasts
  16 ogres
  4 phantoms
  14 wolves
  20 centaurs
  6 big kobolds
  12 crocodiles
  18 bullfrogs
  8 gnoll sergeants (Bailey)
  A water moccasin zombie (D:8)
  6 scorpions
  A water moccasin skeleton (D:7)
  A wyvern skeleton (D:13)
  A scorpion (shapeshifter) (D:13)
  15 killer bees
  7 howler monkeys
  7 wights
  An electric eel (Lair:2)
  3 centaur zombies
  A bullfrog zombie (D:8)
  A wyvern simulacrum (D:15)
  9 crimson imps
  28 orc priests
  8 hounds
  8 jellies
  2 bullfrog skeletons
  25 orc wizards
  7 gnoll shamans
  2 iguanas
  8 worker ants
  A killer bee zombie (D:8)
  2 worker ant zombies
  Robin (D:2)
  20 gnolls
  A river rat (D:4)
  15 adders
  4 shadow imps
  2 oozes (D:1)
  An ooze (shapeshifter) (D:4)
  An adder zombie (D:9)
  An adder skeleton (D:4)
  5 worms
  2 dart slugs
  7 leopard geckos
  72 orcs
  5 giant cockroaches
  15 goblins
  8 hobgoblins
  7 jackals
  7 quokkas
  2 ball pythons
  5 bats
  4 frilled lizards
  A jackal skeleton (D:4)
  34 kobolds
  2 leopard gecko skeletons (D:6)
  A quokka skeleton (D:5)
  11 rats
  A fungus (Lair:6)
  27 plants
849 creatures vanquished.

Vanquished Creatures (collateral kills)
  A hydra (Lair:4)
  An elephant (Lair:4)
  A hippogriff (Lair:6)
  A wyvern (Lair:4)
  A bullfrog (Lair:4)
5 creatures vanquished.

Vanquished Creatures (others)
  An elephant (Lair:4)
  A komodo dragon (Lair:5)
  A yak (Lair:2)
  An orc (D:15)
  A leopard gecko skeleton (D:5)
  8 fungi
  4 plants
17 creatures vanquished.

Grand Total: 871 creatures vanquished

Notes
Turn   | Place    | Note
-------+----------+-------------------------------------------
     0 | D:1      | tsouns the Demonspawn Chaos Knight began the quest for the Orb.
     0 | D:1      | Reached XP level 1. HP: 18/18 MP: 1/1
    10 | D:1      | XOM: silly message
    46 | D:1      | XOM: divination: detect creatures
    87 | D:1      | XOM: silly message
   118 | D:1      | Reached skill level 3 in Long Blades
   121 | D:1      | Gained mutation: You are partially covered in rugged brown scales. (AC +1, +3% HP) [demonic ancestry]
   121 | D:1      | Reached XP level 2. HP: 17/24 MP: 2/2
   180 | D:1      | XOM: harmless Fire miscast
   234 | D:1      | XOM: mild Summ miscast
   247 | D:1      | XOM: divination: detect items
   607 | D:1      | XOM: divination: detect items
   614 | D:1      | Reached XP level 3. HP: 29/29 MP: 3/3
   791 | D:2      | XOM: smoke on damage
   966 | D:2      | Noticed Robin
   989 | D:2      | Killed Robin
   989 | D:2      | Reached XP level 4. HP: 38/38 MP: 4/4
  1163 | D:2      | Noticed a boggart
  1163 | D:2      | a worker ant changed into a boggart
  1164 | D:2      | Noticed an ice beast
  1164 | D:2      | a boggart changed into an ice beast
  1171 | D:2      | Killed an ice beast
  1171 | D:2      | Reached skill level 4 in Long Blades
  1171 | D:2      | Reached XP level 5. HP: 14/44 MP: 5/5
  1445 | D:2      | XOM: mild Necr miscast
  1901 | D:3      | Reached skill level 5 in Fighting
  2015 | D:3      | XOM: harmless Pois miscast
  2159 | D:4      | Noticed Sigmund
  2244 | D:4      | Found a bloodstained altar of Trog.
  2253 | D:4      | Noticed dondy's ghost (amateur HOFi)
  2289 | D:5      | Entered Level 5 of the Dungeon
  2522 | D:5      | Noticed an ogre
  2530 | D:5      | Noticed a sky beast
  2534 | D:5      | Killed an ogre
  2534 | D:5      | Reached XP level 6. HP: 15/52 MP: 6/6
  2625 | D:5      | XOM: medium Pois miscast
  2697 | D:5      | XOM: mild Summ miscast
  2702 | D:5      | Killed a sky beast
  2702 | D:5      | Reached skill level 5 in Long Blades
  2937 | D:5      | XOM: potion effect (experience)
  2937 | D:5      | Reached skill level 9 in Long Blades
  2937 | D:5      | Reached skill level 5 in Dodging
  2937 | D:5      | Gained mutation: You regenerate a little health from kills. [demonic ancestry]
  2937 | D:5      | Reached XP level 7. HP: 52/64 MP: 7/7
  3091 | D:4      | Found a staircase to the Ecumenical Temple.
  3161 | D:4      | Noticed a steam dragon
  3161 | D:4      | a hound changed into a steam dragon
  3161 | D:4      | XOM: polymorph hound -> steam dragon
  3167 | D:4      | a steam dragon changed into an ooze
  3185 | D:4      | XOM: scenery: create altars
  3207 | D:4      | XOM: harmless Necr miscast
  3213 | D:4      | Killed dondy's ghost
  3213 | D:4      | Gained mutation: You have large cloven feet. [demonic ancestry]
  3213 | D:4      | Reached XP level 8. HP: 42/72 MP: 8/8
  3252 | D:4      | Killed Sigmund
  3600 | D:4      | XOM: mild Necr miscast
  3636 | D:4      | XOM: noise
  3778 | D:4      | XOM: smoke on damage
  4049 | D:5      | XOM: harmless Tmut miscast
  4113 | D:5      | Got a bloodstained chain mail
  4124 | D:5      | Identified the +3 chain mail of Watchfulness {Int+2 Slay+4 Stlth-} (You found it on level 5 of the Dungeon)
  4165 | D:5      | XOM: butterfly on damage
  4220 | D:5      | Found a sacrificial altar of Ru.
  4352 | D:5      | XOM: cloud trail
  4421 | D:5      | XOM: give mutations
  4421 | D:5      | Gained mutation: You have hoof-like feet. [Xom's grace]
  4421 | D:5      | Gained mutation: You are robust. (+10% HP) [Xom's grace]
  4540 | D:5      | XOM: harmless Fire miscast
  4912 | D:5      | XOM: harmless Erth miscast
  5357 | D:6      | XOM: 1-stop teleportation journey
  5375 | D:6      | Reached skill level 10 in Long Blades
  5387 | D:6      | XOM: confuse monster(s)
  5434 | D:6      | Reached XP level 9. HP: 77/85 MP: 9/9
  5617 | D:6      | XOM: summons 1 hostile demon
  5809 | D:6      | Found a deep blue altar of Sif Muna.
  5809 | D:6      | Found a stormy altar of Qazlal.
  6198 | D:7      | Found an iron altar of Okawaru.
  6201 | D:7      | XOM: summons 3 hostile demons
  6228 | D:7      | XOM: swap monsters
  6341 | D:7      | XOM: scenery: 1 doors close
  6346 | D:7      | XOM: confusion
  6497 | D:7      | Reached XP level 10. HP: 83/96 MP: 10/10
  6628 | D:7      | Reached skill level 10 in Fighting
  6731 | D:7      | Reached skill level 5 in Armour
  6970 | D:7      | XOM: summons 2 hostile demons
  7292 | D:8      | XOM is BORED!
  7292 | D:8      | XOM: medium Conj miscast
  7336 | D:8      | Noticed a two-headed ogre
  7348 | D:8      | Killed a two-headed ogre
  7410 | D:8      | Noticed a two-headed ogre
  7413 | D:8      | XOM: 3-stop teleportation journey
  7588 | D:8      | Found Fuqaej's Jewellery Emporium.
  7591 | D:8      | Bought an uncursed amulet of regeneration for 360 gold pieces
  7681 | D:8      | XOM: 2-stop teleportation journey
  7682 | D:8      | Identified a scroll of acquirement
  7683 | D:8      | Got a dazzling double sword
  7684 | D:8      | Identified the +7 double sword of Conservatism {pain, rElec rPois MP+9} (You acquired it on level 8 of the Dungeon)
  7801 | D:8      | XOM: summons 3 hostile shadow creatures
  7811 | D:8      | XOM: mild Divn miscast
  7812 | D:8      | XOM: chaos upgrade
  8013 | D:8      | XOM: mild Hex miscast
  8130 | D:9      | Found a radiant altar of Vehumet.
  8224 | D:9      | XOM: summons friendly white imp
  8387 | D:9      | Reached skill level 11 in Long Blades
  8393 | D:9      | XOM: confusion (+ monsters)
  8472 | D:9      | Noticed Erolcha
  8479 | D:9      | XOM: divination: detect items
  8480 | D:9      | Killed Erolcha
  8503 | D:9      | XOM: mild Ice miscast
  8525 | D:9      | XOM: harmless Ice miscast
  8566 | D:9      | Noticed a two-headed ogre
  8566 | D:9      | XOM: scenery: create altars
  8568 | D:9      | XOM: confuse monster(s)
  8581 | D:9      | Killed a two-headed ogre
  8581 | D:9      | Gained mutation: You regenerate health from kills. [demonic ancestry]
  8581 | D:9      | Reached XP level 11. HP: 76/103 MP: 11/11
  8613 | D:9      | XOM: god gift: bread ration
  8718 | D:10     | Entered Level 10 of the Dungeon
  8804 | D:10     | XOM: enchant monster (good)
  8989 | D:10     | Noticed a centaur warrior
  9002 | D:10     | Killed a centaur warrior
  9108 | D:10     | Found a flagged portal.
  9118 | Bailey   | Entered a bailey
  9204 | Bailey   | Upgraded the game from 0.20-a0-331-g5b3579f to 0.20-a0-345-gbfb25ec
  9430 | Bailey   | Got a spiked leather armour
  9443 | Bailey   | Identified the +3 leather armour of the Komtur {-Tele Str+5} (You found it in a bailey)
  9714 | D:11     | XOM: mild Ice miscast
  9845 | D:11     | Noticed a two-headed ogre
  9850 | D:11     | Killed a two-headed ogre
  9890 | D:11     | XOM: 2-stop teleportation journey
  9950 | D:11     | Reached skill level 12 in Long Blades
  9998 | D:11     | XOM: medium Tmut miscast
 10060 | D:11     | XOM: polymorph yak -> raiju
 10138 | D:11     | XOM: noise
 10151 | D:11     | Found a staircase to the Lair.
 10373 | D:11     | Noticed a purple ugly thing
 10377 | D:11     | XOM: divination: magic mapping
 10379 | D:11     | Killed a purple ugly thing
 10449 | Lair:1   | Entered Level 1 of the Lair of Beasts
 10462 | Lair:1   | XOM: enchant monster (bad)
 10566 | Lair:1   | XOM: give mutations
 10566 | Lair:1   | Gained mutation: Your system is resistant to poisons. (rPois) [Xom's grace]
 10566 | Lair:1   | Gained mutation: Your flesh is cold resistant. (rC+) [Xom's grace]
 10930 | Lair:1   | XOM: summons 1 hostile demon
 11014 | Lair:1   | XOM: give mutations
 11014 | Lair:1   | Lost mutation: Your system is resistant to poisons. (rPois) [Xom's mischief]
 11014 | Lair:1   | Gained mutation: Your body sometimes deteriorates upon taking damage. [Xom's mischief]
 11034 | Lair:1   | XOM: noise
 11055 | Lair:1   | Gained mutation: You have hooves in place of feet. [demonic ancestry]
 11055 | Lair:1   | Reached XP level 12. HP: 71/111 MP: 12/12
 11055 | Lair:1   | XOM: medium Summ miscast
 11214 | Lair:1   | XOM: summons 5 hostile demons
 11357 | Lair:2   | XOM: medium Air miscast
 11360 | Lair:2   | XOM: give mutations
 11360 | Lair:2   | Lost mutation: You are robust. (+10% HP) [Xom's mischief]
 11360 | Lair:2   | Gained mutation: You are clumsy. (Dex -2) [Xom's mischief]
 11360 | Lair:2   | Lost mutation: Your body sometimes deteriorates upon taking damage. [Xom's mischief]
 11360 | Lair:2   | Gained mutation: Armour fits poorly on your strangely shaped body. [Xom's mischief]
 11394 | Lair:2   | Found a staircase to the Snake Pit.
 11418 | Lair:2   | XOM: summons 1 hostile shadow creature
 11423 | Lair:2   | XOM: harmless Summ miscast
 11720 | Lair:2   | Got an ichor-stained leather armour
 11731 | Lair:2   | Identified the +1 leather armour "Iqupourgh" {rCorr MP+9 Stlth+} (You found it on level 2 of the Lair of Beasts)
 11888 | Lair:2   | Reached skill level 13 in Long Blades
 12035 | Lair:2   | XOM: harmless Divn miscast
 12083 | Lair:2   | Noticed a seven-headed hydra
 12083 | Lair:2   | XOM: confuse monster(s)
 12107 | Lair:2   | Killed an eight-headed hydra
 12107 | Lair:2   | Reached skill level 10 in Armour
 12246 | Lair:2   | XOM: 3-stop teleportation journey
 12334 | Lair:2   | XOM: god gift: 4 steel javelins
 12349 | Lair:2   | XOM: medium Divn miscast
 12414 | Lair:2   | XOM: noise
 12431 | Lair:2   | XOM: summons friendly shadow imp
 12512 | Lair:2   | XOM: destruction
 12539 | Lair:2   | XOM: enchant monster (good)
 12685 | Lair:2   | XOM: divination: detect creatures
 12917 | Lair:2   | XOM is BORED!
 12917 | Lair:2   | XOM: summons 1 hostile shadow creature
 12918 | Lair:2   | Noticed a six-headed hydra
 12928 | Lair:3   | XOM: potion effect (brilliance)
 12930 | Lair:3   | XOM: scenery: create altars
 13020 | Lair:3   | Reached skill level 1 in Shields
 13025 | Lair:3   | Noticed Prince Ribbit
 13031 | Lair:3   | Killed Prince Ribbit
 13071 | Lair:3   | XOM: polymorph black mamba -> yak
 13161 | Lair:3   | XOM: divination: detect creatures
 13176 | Lair:3   | Gained mutation: You are mostly covered in rugged brown scales. (AC +2, +5% HP) [demonic ancestry]
 13176 | Lair:3   | Reached XP level 13. HP: 103/111 MP: 13/13
 13310 | Lair:3   | XOM: give mutations
 13310 | Lair:3   | Gained mutation: Your mind is acute. (Int +2) [Xom's grace]
 13310 | Lair:3   | Gained mutation: You possess an exceptional clarity of mind. [Xom's grace]
 13310 | Lair:3   | Gained mutation: You have supernaturally acute eyesight. (SInv) [Xom's grace]
 13413 | Lair:4   | XOM: summons 5 friendly demons
 13438 | Lair:4   | XOM: god gift: 13 stones
 13505 | Lair:4   | XOM: potion effect (invisibility)
 13509 | Lair:4   | XOM: enchant monster (good)
 13770 | Lair:4   | Found a staircase to the Shoals.
 14252 | Lair:5   | XOM: cast spell 'Discord'
 14255 | Lair:4   | XOM: summons friendly iron imp
 14256 | Lair:4   | Reached skill level 14 in Long Blades
 14321 | Lair:4   | XOM: cloud trail
 14554 | Lair:5   | XOM: 2-stop teleportation journey
 14569 | Lair:5   | XOM: cast spell 'Ice Form'
 14584 | Lair:5   | XOM: cleaving
 14585 | Lair:5   | XOM: fog
 14598 | Lair:5   | XOM: give mutation
 14598 | Lair:5   | Gained mutation: You are resistant to hostile enchantments. (MR+) [Xom's grace]
 14752 | Lair:5   | XOM: divine lightning
 15038 | Lair:5   | XOM: harmless Fire miscast
 15039 | Lair:5   | XOM: harmless Conj miscast
 15043 | Lair:5   | XOM: harmless Erth miscast
 15218 | Lair:6   | Entered Level 6 of the Lair of Beasts
 15219 | Lair:6   | Found a staircase to the Slime Pits.
 15279 | Lair:6   | XOM: cast spell 'Discord'
 15372 | Lair:6   | XOM: 1-stop teleportation journey
 15380 | Lair:6   | XOM: 1-stop teleportation journey
 15414 | Lair:6   | XOM: fog
 15495 | Lair:6   | XOM: cast spell 'Chain of Chaos'
 15689 | Lair:6   | XOM: divination: detect items
 15734 | Lair:6   | Noticed a dire elephant
 15750 | Lair:6   | Killed a dire elephant
 15782 | Lair:6   | XOM: 6-stop teleportation journey
 15905 | Lair:6   | XOM: summons 3 friendly demons
 15907 | Lair:6   | Reached XP level 14. HP: 115/118 MP: 14/14
 15981 | Lair:6   | XOM: summons 5 friendly demons
 16058 | Lair:6   | XOM: divine lightning (protected)
 16061 | Lair:6   | XOM: cleaving
 16229 | Lair:6   | XOM: enchant monster (good)
 16285 | Lair:4   | XOM: summons friendly ufetubus
 16331 | Lair:2   | XOM: god gift: 3 poisoned javelins
 16515 | D:12     | Reached skill level 15 in Long Blades
 16659 | D:12     | XOM: cast spell 'Dragon Form'
 16678 | D:12     | XOM: scenery: create altars
 16689 | D:12     | XOM: god gift: scroll of enchant armour
 16742 | D:12     | XOM: fog
 16796 | D:12     | Got an ichor-stained scimitar
 16797 | D:12     | Identified the +2 scimitar of the Sky {flame, Str+2 Stlth+} (You found it on level 12 of the Dungeon)
 16897 | D:12     | XOM: cast spell 'Summon Ice Beast'
 16947 | D:12     | Found a staircase to the Orcish Mines.
 17057 | D:12     | Found a roughly hewn altar of Beogh.
 17204 | D:13     | XOM: fake destruction
 17209 | D:13     | XOM: summons 13 friendly demons
 17215 | D:13     | XOM: give mutations
 17215 | D:13     | Gained mutation: Your muscles are strong. (Str +2) [Xom's grace]
 17215 | D:13     | Gained mutation: Your spells are a little harder to cast, but a little more powerful. [Xom's grace]
 17215 | D:13     | Gained mutation: You are resistant to electric shocks. (rElec) [Xom's grace]
 17215 | D:13     | Gained mutation: Your spells are harder to cast, but more powerful. [Xom's grace]
 17245 | D:13     | Found a frozen archway.
 17266 | IceCv    | Entered an ice cave
 17321 | IceCv    | XOM: summons friendly quasit
 17373 | IceCv    | XOM: 1-stop teleportation journey
 17376 | IceCv    | Got jacinth-encrusted ice dragon scales
 17427 | IceCv    | Identified the cursed +1 ice dragon scales of Muttered Phrases {*Corrode rF- rC++ Regen+ Str+3} (You found it in an ice cave)
 17597 | D:13     | XOM: polymorph orc -> jackal
 17604 | D:13     | XOM: confuse monster(s)
 17793 | D:13     | XOM: give mutation
 17793 | D:13     | Lost mutation: You are clumsy. (Dex -2) [Xom's mischief]
 17913 | D:14     | XOM: potion effect (agility)
 17924 | D:14     | XOM: summons 9 friendly demons
 17934 | D:14     | XOM: divination: magic mapping
 18031 | D:14     | XOM: destruction
 18135 | D:14     | Identified the Catalogue of Earthen Feathers
 18224 | D:14     | XOM: harmless Erth miscast
 18268 | D:14     | Noticed Roxanne
 18269 | D:14     | XOM: smoke on damage
 18274 | D:14     | XOM: polymorph worker ant -> scorpion
 18306 | D:14     | XOM: harmless Tloc miscast
 18424 | D:14     | XOM: noise
 18476 | D:14     | Reached skill level 16 in Long Blades
 18658 | D:14     | XOM: enchant monster (bad)
 18678 | D:14     | Learned a level 1 spell: Apportation
 18680 | D:14     | Learned a level 1 spell: Summon Butterflies
 18733 | D:14     | XOM: mild Necr miscast
 18776 | D:14     | Found a gate to the Vaults.
 18936 | D:14     | XOM: harmless Fire miscast
 18987 | D:14     | XOM: summons friendly white imp
 18990 | D:14     | XOM: fake destruction
 19009 | D:14     | XOM: noise
 19027 | D:15     | Entered Level 15 of the Dungeon
 19087 | D:15     | XOM: noise
 19219 | D:15     | Found a basalt altar of Yredelemnul.
 19223 | D:15     | XOM: destruction
 19236 | D:15     | XOM: enchant monster (bad)
 19293 | D:15     | XOM: harmless Chrm miscast
 19563 | D:15     | XOM: chaos upgrade
 19566 | D:15     | XOM: destruction
 19620 | D:15     | XOM: noise
 19625 | D:15     | Gained mutation: You are immune to rotting. [demonic ancestry]
 19625 | D:15     | Reached XP level 15. HP: 124/124 MP: 15/15
 19731 | D:15     | XOM: divination: detect creatures
 19765 | D:15     | XOM: mild Ice miscast
 19771 | D:15     | XOM: potion effect (invisibility)
 19790 | D:15     | Found a staircase to the Depths.
 20113 | D:11     | XOM: harmless Summ miscast
 20181 | Lair:4   | XOM: harmless Ice miscast
 20259 | Lair:6   | XOM: divination: detect items
 20268 | Lair:6   | XOM: silly message
 20270 | Lair:6   | XOM: medium Tloc miscast
 20383 | Lair:6   | Found a burning altar of Makhleb.
 20402 | Lair:6   | XOM: cast spell 'Leda's Liquefaction'
 20404 | Lair:6   | XOM: summons friendly iron imp
 20416 | Lair:6   | XOM: confuse monster(s)
 20435 | Lair:6   | Reached skill level 17 in Long Blades
 20452 | Lair:6   | XOM: enchant monster (bad)
 20456 | Lair:6   | Found a gateway to Hell.
 20464 | Lair:6   | Got a crude steel amulet
 20465 | Lair:6   | Identified the amulet "Ecask" {+Rage rC++ MR- Int+2 Slay+2} (You found it on level 6 of the Lair of Beasts)
 20662 | Lair:1   | XOM: noise
 20724 | Orc:1    | Entered Level 1 of the Orcish Mines
 20724 | Orc:1    | Noticed Nergalle
 20733 | Orc:1    | Killed Nergalle
 20756 | Orc:1    | Noticed an orc warlord
 20764 | Orc:1    | XOM: cast spell 'Summon Butterflies'
 20776 | Orc:1    | XOM: divination: detect items
 20792 | Orc:1    | XOM: cast spell 'Olgreb's Toxic Radiance'
 20794 | Orc:1    | an orc warlord changed into an iron troll
 20794 | Orc:1    | XOM: polymorph orc warlord -> iron troll
 20930 | Orc:1    | XOM: blink monster(s)
 21003 | Orc:1    | XOM: silly message
 21065 | Orc:1    | XOM: 8-stop teleportation journey
 21100 | Orc:1    | Found a roughly hewn altar of Beogh.
 21378 | Orc:2    | Entered Level 2 of the Orcish Mines
 21386 | Orc:2    | Found Cineimn's Gadget Shoppe.
 21551 | Orc:2    | XOM: scenery: create altars
 21563 | Orc:2    | Found a staircase to the Elven Halls.
 21663 | Orc:2    | XOM: potion effect (invisibility)
 21687 | Orc:2    | Found a roughly hewn altar of Beogh.
 21715 | Orc:2    | XOM: potion effect (brilliance)
 21719 | Orc:2    | XOM: potion effect (might)
 21787 | Orc:2    | Found Oxicoce's Magic Scroll Emporium.
 21787 | Orc:2    | Found Gogegg's Jewellery Emporium.
 21788 | Orc:2    | Found Sipen's Book Shoppe.
 21791 | Orc:2    | Found Yshreunij's Antique Weapon Shoppe.
 21815 | Orc:2    | Bought a scroll of teleportation for 51 gold pieces
 21815 | Orc:2    | Bought a scroll of teleportation for 51 gold pieces
 21815 | Orc:2    | Bought a scroll of enchant weapon for 127 gold pieces
 21815 | Orc:2    | Bought a scroll of enchant armour for 127 gold pieces
 21815 | Orc:2    | Bought a scroll of identify for 34 gold pieces
 21815 | Orc:2    | Bought 2 scrolls of identify for 68 gold pieces
 22315 | Snake:1  | Entered Level 1 of the Snake Pit
 22326 | Lair:2   | XOM: harmless Tmut miscast
 22330 | Lair:2   | XOM: potion effect (invisibility)
 22332 | Lair:2   | XOM: blink monster(s)
 22415 | Snake:1  | XOM: swap monsters
 22452 | Snake:1  | Noticed Azrael
 22628 | Snake:1  | XOM: swap monsters
 22636 | Snake:1  | XOM: mild Hex miscast
 22786 | Snake:1  | XOM: chaos cloud
 22789 | Lair:2   | Reached skill level 1 in Evocations
 22840 | Snake:1  | XOM: swap monsters
 22850 | Snake:1  | XOM: swap monsters
 22856 | Snake:1  | XOM: harmless Erth miscast
 22857 | Snake:1  | XOM: potion effect (brilliance)
 22869 | Snake:1  | XOM: butterfly on damage
 22871 | Snake:1  | HP: 4/124 [Azrael/fireball (4)]
 22873 | Snake:1  | Killed from afar by Azrael

Vault maps used:
D:1:      lemuel_arrival_funnel, roderic_cross_of_infinity
D:2:      kennysheep_cross_bottleneck, uniq_robin
D:3:      serial_glass, glass_columns_a, glass_columns_b
D:4:      gup_sewer_entry_spiral, first_bread, trog_three_pillars_becter,
          uniq_sigmund
D:5:      nicolae_ru_awakened_eye
D:6:      gammafunk_temple_overflow_statue, serial_park_tiny_1
D:7:      okawaru_humans
D:8:      serial_shops, nicolae_shop_behind_doors
D:9:      basic_altar, uniq_erolcha
D:10:     enter_bailey_2
D:11:     lair_entry_dummy
D:12:     minmay_orc_entry_temple_small
D:13:     portal_ice_cave_rime, the_bakery
D:14:     david_vaults_5, abandoned_shop, uniq_roxanne
D:15:     grunt_enter_depths_magical_seal, yredelemnul_altar_generic,
          spider_trap
Lair:1:   grunt_megastairs_4
Lair:2:   minmay_lair_oklob_tunnel, guppyfry_snake_entry_island,
          cheibrodos_lair_caveside_slide, forest_entry_grove,
          serial_bayou_shore_a
Lair:3:   uniq_prince_ribbit2
Lair:4:   minmay_shoals_entry_centaurs, nicolae_lair_grove_arrangements,
          minmay_lair_oklob_items
Lair:5:   grunt_megastairs_5
Lair:6:   evil_forest, minmay_slime_entry_pillars
Snake:1:  serial_bayou_pond_e, guppyfry_library_mini, uniq_azrael
Orc:1:    minmay_orc_temple_b, uniq_nergalle
Orc:2:    st_orc_mages, serial_shops, shop, basic_altar
Bailey:   bailey_polearm_gnolls_kennysheep, bailey
IceCv:    ice_cave_statue_garden_chambered

Skill      XL: |  1  2  3  4  5  6  7  8  9 10 11 12 13 14 15 |
---------------+----------------------------------------------+-----
Long Blades    | 3 4 9 10 11 12 13 14 16 17 | 17.5
Fighting       | 4 5 8 9 10 11 | 11.5
Dodging        | 5 6 |  6.1
Armour         | 2 4 6 8 10 12 13 14 | 14.1
Shields        | 2 4 |  4.0
Evocations     | 1 |  1.3

Action                   |  1- 3 |  4- 6 |  7- 9 | 10-12 | 13-15 || total
-------------------------+-------+-------+-------+-------+-------++-------
Melee: Falchion          |   122 |   176 |   131 |       |       ||   429
       Dagger            |       |       |   232 |       |       ||   232
       Kick              |       |       |   103 |   173 |   585 ||   861
       Long sword        |       |       |    69 |    91 |       ||   160
       Double sword      |       |       |       |   788 |  1313 ||  2101
       Unarmed           |       |       |       |       |    45 ||    45
       Scimitar          |       |       |       |       |   110 ||   110
       Tailslap          |       |       |       |       |     1 ||     1
       Bite              |       |       |       |       |     1 ||     1
Throw: Tomahawk          |       |     3 |       |       |       ||     3
Evoke: Wand              |       |       |     2 |     8 |    19 ||    29
       Phial of floods   |       |       |       |       |     1 ||     1
  Use: Scroll            |       |     9 |     6 |    14 |    17 ||    46
       Potion            |       |     2 |       |     3 |     2 ||     7
 Stab: Petrifying        |       |     3 |     1 |       |       ||     4
       Invisible         |       |     2 |       |       |    21 ||    23
       Sleeping          |       |     1 |       |       |     1 ||     2
       Paralysed         |       |     3 |       |     3 |     1 ||     7
       Petrified         |       |     2 |       |       |     1 ||     3
       Confused          |       |       |     1 |       |     4 ||     5
       Distracted        |       |       |       |       |     3 ||     3
  Eat: Chunk             |       |     5 |     4 |    10 |     9 ||    28
       Pizza             |       |     1 |     2 |       |     1 ||     4
       Fruit             |       |     1 |       |       |       ||     1
       Bread ration      |       |       |     1 |     2 |     4 ||     7
       Meat ration       |       |       |       |     1 |       ||     1
       Beef jerky        |       |       |       |     1 |     3 ||     4
       Royal jelly       |       |       |       |     1 |       ||     1
Armor: Leather armour    |    52 |    62 |    22 |       |       ||   136
       Chain mail        |       |       |   202 |   245 |    85 ||   532
       Crystal plate arm |       |       |       |   282 |   680 ||   962
       Skin              |       |       |       |    28 |    37 ||    65
       Pearl dragon scal |       |       |       |       |    22 ||    22
Dodge: Dodged            |    72 |   100 |   191 |   247 |   454 ||  1064
Block: Buckler           |       |       |       |     6 |   291 ||   297
       Rpst.: Falchion   |    21 |    28 |    15 |       |       ||    64
       Long sword        |       |       |    10 |     7 |       ||    17
       Double sword      |       |       |       |    55 |    91 ||   146
       Scimitar          |       |       |       |       |     3 ||     3
